 Dungeon Crawl Stone Soup version 0.24-a0-584-g9d6b971ae4 (webtiles) character file.

Game seed: 7463428477420326663, levelgen mode: deterministic

23 Peloso the Covered (level 2, 0/40 HPs)
             Began as a Minotaur Fighter on Sept 1, 2019.
             Slain by a jackal (1 damage)
             ... on level 2 of the Dungeon.
             The game lasted 00:01:55 (133 turns).

Peloso the Covered (Minotaur Fighter)                Turns: 133, Time: 00:01:56

Health: 0/40       AC: 21    Str: 20    XL:     2   Next: 75%
Magic:  1/1        EV:  2    Int:  5    God:
Gold:   15         SH:  9    Dex:  9    Spells: 1/1 levels left

rFire    . . .     SeeInvis .   a - +0 long sword
rCold    . . .     Gourm    .   c - +0 shield
rNeg     + + +     Faith    .   (armour currently unavailable)
rPois    +         Spirit   .   (helmet currently unavailable)
rElec    .         Reflect  .   (cloak currently unavailable)
rCorr    .         Harm     .   (gloves currently unavailable)
MR       .....     NoTele   +   (boots currently unavailable)
Stlth    +.........             (no amulet)
HPRegen  0.13/turn              (no ring)
MPRegen  0.07/turn              (no ring)

@: lethally poisoned (0 -> -2), tree-form (expiring)
A: (retaliatory headbutt)
a: no special abilities


You were on level 2 of the Dungeon.
You were not hungry.
You were a tree.
You visited 1 branch of the dungeon, and saw 2 of its levels.

You collected 15 gold pieces.

Inventory:

Hand Weapons
 a - a +0 long sword (weapon)
Armour
 b - a +0 scale mail (melded)
 c - a +0 shield (worn)
Potions
 d - a potion of might
Comestibles
 f - 2 rations


   Skills:
 + Level 4.0 Fighting
 + Level 2.9 Long Blades
 + Level 4.0 Armour
 + Level 4.0 Shields


You had one spell level left.
You didn't know any spells.
Your spell library was empty.

Dungeon Overview and Level Annotations

Branches:
Dungeon (2/15)

Altars:


Innate Abilities, Weirdness & Mutations

((You reflexively headbutt those who attack you in melee.))
((You have a pair of horns on your head.))


Message History

The adder bites you but does no damage.
The jackal bites you but does no damage.
You block the adder's attack.
You hit the adder.
The adder is severely wounded.
Your transformation is almost over.
You block the jackal's attack. The adder bites you but does no damage.
The jackal bites you but does no damage.
Unknown command.
You closely miss the adder.
The adder is severely wounded.
You feel sick. You block the adder's attack. You block the jackal's attack.
The adder bites you but does no damage. The jackal barely misses you.
Unknown command.
You miss the adder.
The adder is severely wounded.
The adder bites you.
* * * LOW HITPOINT WARNING * * *
The jackal bites you.
You die...

.!...≈.#####.....
.....≈≈.#......
.....≈.......
.....≈.....#
.....≈≈...#
.....≈...###
##.#≈.....#
###S##....# #♣#
..#...
#†h..#.....
#..##..#### ....
.... ##### ####


You could see an adder and a jackal.

Vanquished Creatures
  An ooze (D:1)
  A dart slug (D:1)
  2 giant cockroaches (D:1)
  2 hobgoblins (D:1)
  3 jackals (D:2)
  A kobold (D:1)
  2 bats
  2 goblins (D:1)
  2 rats (D:1)
16 creatures vanquished.

Notes
Turn   | Place    | Note
-------+----------+-------------------------------------------
     0 | D:1      | Peloso the Minotaur Fighter began the quest for the Orb.
     0 | D:1      | Reached XP level 1. HP: 19/19 MP: 0/0
    37 | D:1      | Reached XP level 2. HP: 20/27 MP: 1/1
    97 | D:1      | You fall into a shaft and drop 1 floor!
   133 | D:2      | HP: 1/40 [adder (3)]
   133 | D:2      | Slain by a jackal

Levels and vault maps discovered:
D:1:      dpeg_arrival_tiny_i, layout_rooms
D:2:      wad_river_or_something, layout_rooms, chequers_serial_rivers_micro_e,
          uniq_jessica, uniq_sigmund

Skill      XL: |  1  2 |
---------------+-------+-----
Armour         | 4 |  4.0
Shields        | 4 |  4.0
Fighting       | 4 |  4.0
Long Blades    | |  2.9

Action                   || total
-------------------------++-------
Melee: Long sword        ||    50
       Headbutt          ||     5
  Use: Potion            ||     1
Armor: Scale mail        ||    38
       Skin              ||    24
Dodge: Dodged            ||    23
Block: Shield            ||    50
       Rpst.: Long sword ||    10

Table legend:
 A = Non-vault XP
 B = Vault XP
 C = Vault XP percentage of total XP
 D = Non-vault monster count
 E = Vault monster count
 F = Vault count percentage of total count
                 A         B        C        D         E       F
            +---------+---------+-------+---------+---------+-------
      Total |      34 |       0 |   0.0 |      16 |       0 |   0.0
            +---------+---------+-------+---------+---------+-------
        D:1 |      27 |       0 |   0.0 |      12 |       0 |   0.0
        D:2 |       7 |       0 |   0.0 |       4 |       0 |   0.0
            +---------+---------+-------+---------+---------+-------
